| TOP OF THE 1ST |
|
Princeton Rays batting - Pitching for Elizabethton Twins : LHP Chris Smith
|
|
Pitching: LHP Chris Smith
|
|
|
Batting: RHB Cody Gebo
|
0-0: Ball 1-0: Ball 2-0: SINGLE (Groundball, 56D, EV 101.9 MPH)
|
|
Batting: RHB Ben Saxton
|
0-0: Ball 1-0: Ball 2-0: Ball 3-0: Called Strike 3-1: Base on Balls Cody Gebo to second
|
|
Batting: LHB Dave Northam
|
0-0: Called Strike Cody Gebo steals 3rd base 0-1: Foul Ball, location: 2F 0-2: Ball 1-2: Ball 2-2: Foul Ball, location: 2F 2-2: Grounds into double play, 6-4-3 (Groundball, 6D, EV 103.8 MPH) Cody Gebo scores
|
|
Batting: RHB Toshikatsu Omori
|
0-0: Called Strike 0-1: Ball 1-1: Swinging Strike 1-2: Strikes out swinging
|
| Top of the 1st over - 1 run, 1 hit, 0 errors, 0 left on base; Princeton 1 - Elizabethton 0 |
| BOTTOM OF THE 1ST |
|
Elizabethton Twins batting - Pitching for Princeton Rays : RHP Mo Vaughan
|
|
Pitching: RHP Mo Vaughan
|
|
|
Batting: RHB Nestor Moreno
|
0-0: Called Strike 0-1: Ground out 6-3 (Groundball, 6, EV 81.9 MPH)
|
|
Batting: RHB David McDonald
|
0-0: Ball 1-0: Foul Ball, location: 2F 1-1: Foul Ball, location: 2F 1-2: Ball 2-2: Ball 3-2: SINGLE (Groundball, 4D, EV 95.0 MPH)
|
|
Batting: LHB Ryuuichi Shintani
|
0-0: Fielders Choice at 2nd, 4-6 (Groundball, 34, EV 103.8 MPH)
|
|
Batting: RHB Ryan Starks
|
0-0: Called Strike 0-1: Ball 1-1: Ball 2-1: Swinging Strike 2-2: Ball 3-2: SINGLE (Line Drive, 78S, EV 105.0 MPH) Ryuuichi Shintani to second Ryuuichi Shintani to third
|
|
Batting: RHB Ned Scovell
|
0-0: SINGLE (Line Drive, 8RS, EV 91.9 MPH) Ryuuichi Shintani scores Ryan Starks to second
|
|
Batting: RHB Calvin Day
|
0-0: Ball 1-0: Fielders Choice at 2nd, 5-4 (Groundball, 56, EV 106.2 MPH)
|
| Bottom of the 1st over - 1 run, 3 hits, 0 errors, 2 left on base; Princeton 1 - Elizabethton 1 |
| TOP OF THE 2ND |
|
Princeton Rays batting - Pitching for Elizabethton Twins : LHP Chris Smith
|
|
Batting: LHB Ian Cranton
|
0-0: Swinging Strike 0-1: Ball 1-1: Ball 2-1: Ground out 6-3 (Groundball, 6, EV 91.2 MPH)
|
|
Batting: RHB Bobby Ross
|
0-0: SOLO HOME RUN (Flyball, 78XD, EV 95.0 MPH), Distance : 386 ft
|
|
Batting: RHB Jeff Standridge
|
0-0: Ball 1-0: Ground out 2-3 (Groundball, 13S, EV 70.6 MPH)
|
|
Batting: LHB Matt Pena
|
0-0: Called Strike 0-1: Ball 1-1: Ball 2-1: Foul Ball, location: 2F 2-2: Strikes out swinging
|
| Top of the 2nd over - 1 run, 1 hit, 0 errors, 0 left on base; Princeton 2 - Elizabethton 1 |
| BOTTOM OF THE 2ND |
|
Elizabethton Twins batting - Pitching for Princeton Rays : RHP Mo Vaughan
|
|
Batting: LHB Joey Zamora
|
0-0: Swinging Strike 0-1: Swinging Strike 0-2: Ball 1-2: Ball 2-2: Foul Ball, location: 2F 2-2: Ball 3-2: Ground out U3 (Groundball, 34, EV 88.8 MPH)
|
|
Batting: RHB Hisao Takei
|
0-0: Foul Ball, location: 2F 0-1: Foul Ball, location: 2F 0-2: Foul Ball, location: 2F 0-2: Strikes out swinging
|
|
Batting: RHB Braydon Garland
|
0-0: Ball 1-0: Called Strike 1-1: Ground out 6-3 (Groundball, 6S, EV 80.6 MPH)
|
| Bottom of the 2nd over - 0 runs, 0 hits, 0 errors, 0 left on base; Princeton 2 - Elizabethton 1 |
| TOP OF THE 3RD |
|
Princeton Rays batting - Pitching for Elizabethton Twins : LHP Chris Smith
|
|
Batting: RHB Gilbert Hoareau
|
0-0: Ball 1-0: Ball 2-0: Called Strike 2-1: Called Strike 2-2: Ball 3-2: Base on Balls
|
|
Batting: RHB Cody Gebo
|
0-0: Called Strike 0-1: Ball 1-1: Called Strike 1-2: Ball 2-2: Strikes out looking
|
|
Batting: RHB Ben Saxton
|
0-0: Ball 1-0: Ground out 6-3 (Groundball, 6S, EV 61.9 MPH) Gilbert Hoareau to second
|
|
Batting: LHB Dave Northam
|
0-0: Ball 1-0: Foul Ball, location: 2F 1-1: Foul Ball, location: 2F 1-2: Ball 2-2: Strikes out swinging
|
| Top of the 3rd over - 0 runs, 0 hits, 0 errors, 1 left on base; Princeton 2 - Elizabethton 1 |
| BOTTOM OF THE 3RD |
|
Elizabethton Twins batting - Pitching for Princeton Rays : RHP Mo Vaughan
|
|
Batting: RHB Nestor Moreno
|
0-0: Ball 1-0: Ball 2-0: Ball 3-0: Called Strike 3-1: Foul Ball, location: 2F 3-2: Foul Ball, location: 2F 3-2: Foul Ball, location: 2F 3-2: Base on Balls
|
|
Batting: RHB David McDonald
|
0-0: Called Strike 0-1: Ball Pickoff Throw to First - Out! 1-3 1-1: Foul Ball, location: 2F 1-2: Foul Ball, location: 2F 1-2: Ground out 5-3 (Groundball, 5S, EV 70.0 MPH)
|
|
Batting: LHB Ryuuichi Shintani
|
0-0: Ball 1-0: Foul Ball, location: 2F 1-1: Foul Ball, location: 2F 1-2: Ball 2-2: Foul Ball, location: 2F 2-2: Ground out 6-3 (Groundball, 6M, EV 86.9 MPH)
|
| Bottom of the 3rd over - 0 runs, 0 hits, 0 errors, 0 left on base; Princeton 2 - Elizabethton 1 |
| TOP OF THE 4TH |
|
Princeton Rays batting - Pitching for Elizabethton Twins : LHP Chris Smith
|
|
Batting: RHB Toshikatsu Omori
|
0-0: Fly out, F3 (Popup, 3S, EV 74.4 MPH)
|
|
Batting: LHB Ian Cranton
|
0-0: Ball 1-0: Foul Ball, location: 2F 1-1: Foul Ball, location: 2F 1-2: Ball 2-2: SOLO HOME RUN (Flyball, 9LD, EV 91.2 MPH), Distance : 333 ft
|
|
Batting: RHB Bobby Ross
|
0-0: Called Strike 0-1: SINGLE (Groundball, 34D, EV 107.5 MPH)
|
|
Batting: RHB Jeff Standridge
|
0-0: Called Strike 0-1: Swinging Strike 0-2: Ball 1-2: Ball 2-2: Strikes out swinging
|
|
Batting: LHB Matt Pena
|
0-0: Ball 1-0: Called Strike 1-1: Ball 2-1: Foul Ball, location: 2F 2-2: Foul Ball, location: 2F 2-2: Strikes out swinging
|
| Top of the 4th over - 1 run, 2 hits, 0 errors, 1 left on base; Princeton 3 - Elizabethton 1 |
| BOTTOM OF THE 4TH |
|
Elizabethton Twins batting - Pitching for Princeton Rays : RHP Mo Vaughan
|
|
Batting: RHB Ryan Starks
|
0-0: Ball 1-0: Ball 2-0: SINGLE (Groundball, 6MD, EV 108.1 MPH)
|
|
Batting: RHB Ned Scovell
|
0-0: SINGLE (Groundball, 56D, EV 95.6 MPH) Ryan Starks to second
|
|
Batting: RHB Calvin Day
|
0-0: Called Strike 0-1: Called Strike 0-2: Strikes out looking
|
|
Batting: LHB Joey Zamora
|
0-0: Swinging Strike 0-1: Ball 1-1: Called Strike 1-2: Ball 2-2: Strikes out swinging
|
|
Batting: RHB Hisao Takei
|
0-0: Called Strike 0-1: Ball 1-1: Swinging Strike 1-2: Strikes out swinging
|
| Bottom of the 4th over - 0 runs, 2 hits, 0 errors, 2 left on base; Princeton 3 - Elizabethton 1 |
| TOP OF THE 5TH |
|
Princeton Rays batting - Pitching for Elizabethton Twins : LHP Chris Smith
|
|
Pitching: LHP Adam Devine
|
|
|
Batting: RHB Gilbert Hoareau
|
0-0: Called Strike 0-1: Called Strike 0-2: Strikes out looking
|
|
Batting: RHB Cody Gebo
|
0-0: Swinging Strike 0-1: Swinging Strike 0-2: Ball 1-2: Fly out, F8 (Flyball, 8RM, EV 78.8 MPH)
|
|
Batting: RHB Ben Saxton
|
0-0: Foul Ball, location: 2F 0-1: Ball 1-1: Ball 2-1: Foul Ball, location: 2F 2-2: Strikes out swinging
|
| Top of the 5th over - 0 runs, 0 hits, 0 errors, 0 left on base; Princeton 3 - Elizabethton 1 |
| BOTTOM OF THE 5TH |
|
Elizabethton Twins batting - Pitching for Princeton Rays : RHP Mo Vaughan
|
|
Batting: RHB Braydon Garland
|
0-0: Called Strike 0-1: Swinging Strike 0-2: Strikes out looking
|
|
Batting: RHB Nestor Moreno
|
0-0: Ball 1-0: Ball 2-0: DOUBLE (Flyball, 89D, EV 112.5 MPH)
|
|
Batting: RHB David McDonald
|
0-0: Ball Nestor Moreno steals 3rd base 1-0: Ball 2-0: Ball 3-0: Called Strike 3-1: Foul Ball, location: 2F 3-2: Strikes out swinging
|
|
Batting: LHB Ryuuichi Shintani
|
0-0: Called Strike 0-1: Ball 1-1: Swinging Strike 1-2: Ball 2-2: Ball 3-2: Base on Balls
|
|
Batting: RHB Ryan Starks
|
0-0: Called Strike 0-1: Ball 1-1: Fly out, F7 (Flyball, 7S, EV 84.4 MPH)
|
| Bottom of the 5th over - 0 runs, 1 hit, 0 errors, 2 left on base; Princeton 3 - Elizabethton 1 |
| TOP OF THE 6TH |
|
Princeton Rays batting - Pitching for Elizabethton Twins : LHP Adam Devine
|
|
Batting: LHB Dave Northam
|
0-0: Ball 1-0: Called Strike 1-1: Ball 2-1: Foul Ball, location: 2F 2-2: Ball 3-2: Foul Ball, location: 2F 3-2: Ground out 1-3 (Groundball, 25, EV 68.1 MPH)
|
|
Batting: RHB Toshikatsu Omori
|
0-0: Swinging Strike 0-1: Ground out U3 (Groundball, 3, EV 85.6 MPH)
|
|
Batting: LHB Ian Cranton
|
0-0: Ball 1-0: Called Strike 1-1: Ball 2-1: Ground out 4-3 (Groundball, 4S, EV 83.8 MPH)
|
| Top of the 6th over - 0 runs, 0 hits, 0 errors, 0 left on base; Princeton 3 - Elizabethton 1 |
| BOTTOM OF THE 6TH |
|
Elizabethton Twins batting - Pitching for Princeton Rays : RHP Mo Vaughan
|
|
Pitching: RHP Michito Higashi
|
|
|
Batting: RHB Ned Scovell
|
0-0: Called Strike 0-1: DOUBLE (Flyball, 89XD, EV 101.9 MPH)
|
|
Batting: RHB Calvin Day
|
0-0: Fly out, F8 (Line Drive, 8RD, EV 94.4 MPH)
|
|
Batting: LHB Joey Zamora
|
0-0: Ball 1-0: Called Strike 1-1: DOUBLE (Line Drive, 89D, EV 108.8 MPH) Ned Scovell scores
|
|
Batting: RHB Hisao Takei
|
0-0: Ball 1-0: Foul Ball, location: 2F 1-1: Ball 2-1: Ball 3-1: Base on Balls
|
|
Batting: RHB Braydon Garland
|
0-0: Called Strike 0-1: Ball 1-1: Called Strike 1-2: Strikes out swinging
|
|
Batting: RHB Nestor Moreno
|
0-0: Called Strike 0-1: Ball 1-1: Fielders Choice at 2nd, 6-4 (Groundball, 6, EV 110.0 MPH)
|
| Bottom of the 6th over - 1 run, 2 hits, 0 errors, 2 left on base; Princeton 3 - Elizabethton 2 |
| TOP OF THE 7TH |
|
Princeton Rays batting - Pitching for Elizabethton Twins : LHP Adam Devine
|
|
Batting: RHB Bobby Ross
|
0-0: Ball 1-0: Ground out 4-3 (Groundball, 4MD, EV 78.1 MPH)
|
|
Batting: RHB Jeff Standridge
|
0-0: Called Strike 0-1: Called Strike 0-2: Strikes out swinging
|
|
Batting: LHB Matt Pena
|
0-0: Called Strike 0-1: Called Strike 0-2: Strikes out swinging
|
| Top of the 7th over - 0 runs, 0 hits, 0 errors, 0 left on base; Princeton 3 - Elizabethton 2 |
| BOTTOM OF THE 7TH |
|
Elizabethton Twins batting - Pitching for Princeton Rays : RHP Michito Higashi
|
|
Batting: RHB David McDonald
|
0-0: Ball 1-0: Ball 2-0: Ball 3-0: Called Strike 3-1: Ground out 3-1 (Groundball, 34, EV 105.6 MPH)
|
|
Batting: LHB Ryuuichi Shintani
|
0-0: Ball 1-0: Ground out U3 (Groundball, 3S, EV 79.4 MPH)
|
|
Batting: RHB Ryan Starks
|
0-0: Ball 1-0: Foul Ball, location: 2F 1-1: Foul Ball, location: 2F 1-2: Ball 2-2: Strikes out looking
|
| Bottom of the 7th over - 0 runs, 0 hits, 0 errors, 0 left on base; Princeton 3 - Elizabethton 2 |
| TOP OF THE 8TH |
|
Princeton Rays batting - Pitching for Elizabethton Twins : LHP Adam Devine
|
|
Pitching: RHP Jason McCaw
|
|
|
Batting: RHB Gilbert Hoareau
|
0-0: Called Strike 0-1: Called Strike 0-2: Strikes out swinging, 2-3 out at first.
|
|
Batting: RHB Cody Gebo
|
0-0: Ball 1-0: Foul Ball, location: 2F 1-1: Ground out 2-3 (Groundball, 2L, EV 66.2 MPH)
|
|
Batting: RHB Ben Saxton
|
0-0: Called Strike 0-1: Called Strike 0-2: Ball 1-2: Ball 2-2: Ball 3-2: Strikes out swinging
|
| Top of the 8th over - 0 runs, 0 hits, 0 errors, 0 left on base; Princeton 3 - Elizabethton 2 |
| BOTTOM OF THE 8TH |
|
Elizabethton Twins batting - Pitching for Princeton Rays : RHP Michito Higashi
|
|
Pitching: RHP Vince Martinez
|
|
|
Batting: RHB Ned Scovell
|
0-0: Called Strike 0-1: Ball 1-1: Swinging Strike 1-2: Strikes out swinging
|
|
Batting: RHB Calvin Day
|
0-0: Ground out 4-3 (Groundball, 4, EV 101.9 MPH)
|
|
Batting: LHB Joey Zamora
|
0-0: Foul Ball, location: 2F 0-1: Ball 1-1: Ground out 4-3 (Groundball, 4, EV 105.6 MPH)
|
| Bottom of the 8th over - 0 runs, 0 hits, 0 errors, 0 left on base; Princeton 3 - Elizabethton 2 |
| TOP OF THE 9TH |
|
Princeton Rays batting - Pitching for Elizabethton Twins : RHP Jason McCaw
|
|
Pitching: LHP Choji Tominaga
|
|
|
Batting: LHB Dave Northam
|
0-0: Ball 1-0: Ball 2-0: Called Strike 2-1: Ball 3-1: Ground out 4-3 (Groundball, 34, EV 102.5 MPH)
|
|
Pitching: RHP Curtis Melchert
|
|
|
Batting: RHB Toshikatsu Omori
|
0-0: Foul Ball, location: 2F 0-1: Swinging Strike 0-2: Ball 1-2: Strikes out swinging
|
|
Batting: LHB Ian Cranton
|
0-0: Ball 1-0: Swinging Strike 1-1: Ball 2-1: Ground out 4-3 (Groundball, 4MD, EV 105.0 MPH)
|
| Top of the 9th over - 0 runs, 0 hits, 0 errors, 0 left on base; Princeton 3 - Elizabethton 2 |
| BOTTOM OF THE 9TH |
|
Elizabethton Twins batting - Pitching for Princeton Rays : RHP Vince Martinez
|
|
Pitching: RHP Matt Roberts
|
|
|
Pinch Hitting: LHB Bill Lorimer
|
0-0: Ball 1-0: Swinging Strike 1-1: Ball 2-1: Called Strike 2-2: Strikes out swinging
|
|
Batting: RHB Braydon Garland
|
0-0: Ball 1-0: Ball 2-0: Ball 3-0: Called Strike 3-1: Base on Balls
|
|
Batting: RHB Nestor Moreno
|
0-0: Swinging Strike 0-1: Ground out 5-3 (Groundball, 56S, EV 74.4 MPH) Braydon Garland to second
|
|
Batting: RHB David McDonald
|
0-0: Ball 1-0: Ball 2-0: Ball 3-0: Base on Balls
|
|
Batting: LHB Ryuuichi Shintani
|
0-0: Called Strike 0-1: Ball 1-1: Called Strike 1-2: Ball 2-2: Ball Wild Pitch! Braydon Garland to third David McDonald to second 3-2: Intentional Walk
|
|
Batting: RHB Ryan Starks
|
0-0: Ball 1-0: Called Strike 1-1: Swinging Strike 1-2: Ball 2-2: Foul Ball, location: 2F 2-2: Ball 3-2: Fly out, F7 (Line Drive, 7, EV 95.6 MPH)
|
| Bottom of the 9th over - 0 runs, 0 hits, 0 errors, 3 left on base; Princeton 3 - Elizabethton 2 |
|